[Event "WSTCC-50 2024"]
[Site "Krakow"]
[Date "2024.07.06"]
[Round "5.6"]
[White "Becker, Rogerio Sperb"]
[Black "McHugh, Kevin"]
[Result "1-0"]
[ECO "A15"]
[WhiteElo "2053"]
[BlackElo "1938"]
[Annotator "RC"]
[PlyCount "106"]
[EventDate "2024.07.01"]
[EventType "team-tourn"]
[EventCountry "POL"]
[SourceTitle "playchess.com"]
[Source "ChessBase"]
[SourceQuality "1"]
[TimeControl "40/5400+30:1800+30"]

1. c4 Nf6 2. g3 g6 3. Bg2 d5 4. cxd5 Nxd5 5. Qb3 Nb6 6. Qc3 Rg8 7. Nf3 Bg7 8. d4 Nc6 9. e3 Be6 10. Nbd2 Qd7 11. Ne4 Nd8 12. Nc5 Qc8 13. Ng5 c6 14. Ngxe6 fxe6 15. O-O Nd7 16. Bd2 Nxc5 17. Qxc5 Qc7 18. Rac1 Qd6 19. Qc4 Rf8 20. b4 Qd7 21. Rfd1 Kf7 22. a4 a6 23. Be1 Kg8 24. e4 Kh8 25. h4 Nf7 26. Bh3 Nd8 27. Qb3 Qe8 28. Bxe6 Nxe6 29. Qxe6 Rd8 30. Qc4 Qd7 31. Qe2 Qe6 32. Bc3 Qb3 33. a5 Qe6 34. Rd2 Rf7 35. Rcd1 Qb3 36. Rd3 Qc4 37. Qe3 Rff8 38. Be1 Rd7 39. Bc3 Rfd8 40. e5 e6 41. f4 Bf8 42. Qe1 Rd5 43. h5 Rb5 44. hxg6 hxg6 45. g4 Be7 46. Rh3+ Kg7 47. f5 gxf5 48. gxf5 exf5 49. Rd2 Bxb4 50. Qg3+ Kf7 51. Rh7+ Ke8 52. Qg6+ Kf8 53. Qg7+ Ke8 1-0

[Event "WSTCC-50 2024"]
[Site "Krakow"]
[Date "2024.07.06"]
[Round "5.6"]
[White "Burrows, Martin P"]
[Black "Grawe, Christian"]
[Result "0-1"]
[ECO "B12"]
[WhiteElo "2019"]
[BlackElo "2232"]
[Annotator "RC"]
[PlyCount "112"]
[EventDate "2024.07.01"]
[EventType "team-tourn"]
[EventCountry "POL"]
[SourceTitle "playchess.com"]
[Source "ChessBase"]
[SourceQuality "1"]
[TimeControl "40/5400+30:1800+30"]

1. e4 c6 2. d4 d5 3. e5 Bf5 4. Nf3 e6 5. Be2 c5 6. Be3 Qb6 7. Nc3 Nc6 8. dxc5 Bxc5 9. Bxc5 Qxc5 10. Nb5 Kf8 11. Nbd4 Bg6 12. O-O Nge7 13. Rc1 Qb6 14. Re1 a6 15. Qd2 h6 16. Nxc6 Nxc6 17. c4 Rd8 18. cxd5 Rxd5 19. Qf4 Kg8 20. Bc4 Rd8 21. Nh4 Bd3 22. Bxd3 Rxd3 23. Nf3 g5 24. Qe4 Qd8 25. h4 gxh4 26. Qg4+ Kf8 27. Qh5 Ke8 28. Kh2 Rg8 29. Rc4 h3 30. Qxh3 Qd5 31. Rg4 Rxg4 32. Qxg4 Nd4 33. Nxd4 Qxd4 34. Re4 Qxb2 35. Qg8+ Ke7 36. Rf4 Qxe5 37. Qxf7+ Kd6 38. g3 Rd4 39. Qf8+ Kc7 40. Rf3 Qh5+ 41. Kg2 Kb6 42. Qb8 Qd5 43. Qf8 Rd3 44. g4 Rxf3 45. Qxf3 Kc5 46. Kg3 Qxf3+ 47. Kxf3 b5 48. Ke4 a5 49. f4 b4 50. Ke5 a4 51. f5 exf5 52. gxf5 b3 53. axb3 a3 54. f6 a2 55. Ke6 a1=Q 56. f7 Qg7 0-1

[Event "WSTCC-50 2024"]
[Site "Krakow"]
[Date "2024.07.06"]
[Round "5.7"]
[White "Khachiyan, Melikset"]
[Black "Flear, Glenn C"]
[Result "1-0"]
[ECO "C50"]
[WhiteElo "2435"]
[BlackElo "2390"]
[Annotator "TA"]
[PlyCount "77"]
[EventDate "2024.07.01"]
[EventType "team-tourn"]
[EventCountry "POL"]
[SourceTitle "playchess.com"]
[Source "ChessBase"]
[SourceQuality "1"]
[TimeControl "40/5400+30:1800+30"]

1. e4 e5 2. Nf3 Nc6 3. Bc4 Nf6 4. d3 Bc5 5. O-O d6 6. c3 a6 7. Bb3 h6 8. Nbd2 O-O 9. h3 Be6 10. Re1 Re8 11. Nf1 d5 12. Qe2 dxe4 {[%emt 0:09:39] The position is equal.} 13. dxe4 Bxb3 14. axb3 Qe7 15. b4 Bb6 16. Be3 Bxe3 17. Nxe3 Qe6 {[%emt 0:00:27] Against Nd5} (17... Nxe4 $2 18. Nd5 Qd7 19. Qxe4 $18) 18. Qc4 Qxc4 19. Nxc4 Rad8 20. Na5 Nxa5 21. Rxa5 Rd6 22. Rxe5 (22. Nxe5 $2 {loses.} b6 23. Nxf7 Kxf7 24. Rxa6 Rxe4 $19 (24... Nxe4 $2 25. Ra7 $19)) 22... Rxe5 23. Nxe5 $14 {[%emt 0:00:06][%mdl 4096] Endgame. KRN-KRN} Rd2 24. Nc4 Rc2 25. e5 Nd5 26. Rd1 $1 c6 27. Rd2 Nxb4 28. Rd8+ Kh7 29. Rd7 $1 b5 (29... Kg8 $142) 30. Ne3 $16 ({Much worse is} 30. cxb4 Rxc4 31. Rxf7 Re4 $15 (31... Rxb4 32. Kf1 $11)) 30... Rc1+ 31. Kh2 {[%emt 0:00:03] White is more active.} Nd5 32. Rxf7 Nxe3 (32... Kg8 $16 {is a better defense.} 33. e6 Re1) 33. fxe3 {[%emt 0:00:07] Threatens to win with e6. KR-KR} Re1 {[%emt 0:00:45] [#]} 34. Rf3 {[%emt 0:00:17] White wants to mate with e6.} Rd1 {[%emt 0:00:07] [#]} 35. Kg3 $1 Rd8 (35... a5 $142 36. Rf8 Rd5) 36. Kf4 $18 Kg6 37. Ke4 Re8 38. b4 Re7 39. Rf8 {[%emt 0:00:30] Weighted Error Value: White=0.04 (flawless) /Black=0.18 (very precise) .  Mistake:       	---       	Black=3      Inaccurate:     	White=1     	Black=3      OK:         	White=10    	Black=10     Best:        	White=4     	Black=1      Strong:       	White=2     	---} 1-0

[Event "WSTCC-50 2024"]
[Site "Krakow"]
[Date "2024.07.06"]
[Round "5.7"]
[White "Kempter, Ronald"]
[Black "Fraser-Mitchell, Jeremy N"]
[Result "1-0"]
[ECO "A04"]
[WhiteElo "2204"]
[BlackElo "2036"]
[Annotator "RC"]
[PlyCount "61"]
[EventDate "2024.07.01"]
[EventType "team-tourn"]
[EventCountry "POL"]
[SourceTitle "playchess.com"]
[Source "ChessBase"]
[SourceQuality "1"]
[TimeControl "40/5400+30:1800+30"]

1. Nf3 d6 2. d4 g6 3. g3 f5 4. Bg2 Nf6 5. O-O Bg7 6. b3 O-O 7. Bb2 c6 8. Nbd2 Na6 9. Re1 Nc7 10. e4 Nxe4 11. Nxe4 fxe4 12. Rxe4 Bf5 13. Re1 Qd7 14. c4 Rae8 15. Qd2 Bg4 16. Ng5 Bh6 17. h4 Ne6 18. d5 Nxg5 19. hxg5 Bg7 20. Bxg7 Kxg7 21. Qd4+ Kg8 22. dxc6 bxc6 23. Bxc6 Qxc6 24. Qxg4 Qc5 25. Qe6+ Kg7 26. Qe3 Qf5 27. Rad1 Qd7 28. Qd4+ Kg8 29. Qd5+ Kg7 30. c5 Rf5 31. Qd4+ 1-0

[Event "WSTCC-50 2024"]
[Site "Krakow"]
[Date "2024.07.06"]
[Round "5.7"]
[White "Fox, Anthony"]
[Black "Santanna, Paulo"]
[Result "1/2-1/2"]
[ECO "B23"]
[WhiteElo "1909"]
[BlackElo "2020"]
[Annotator "RC"]
[PlyCount "130"]
[EventDate "2024.07.01"]
[EventType "team-tourn"]
[EventCountry "POL"]
[SourceTitle "playchess.com"]
[Source "ChessBase"]
[SourceQuality "1"]
[TimeControl "40/5400+30:1800+30"]

1. e4 c5 2. Nc3 a6 3. a4 e6 4. Nge2 Nc6 5. g3 Be7 6. Bg2 Nf6 7. O-O O-O 8. h3 d6 9. d3 Qc7 10. Be3 Nd7 11. f4 Bf6 12. Qd2 Nd4 13. Nd1 Rb8 14. Nc1 b5 15. c3 Nc6 16. axb5 axb5 17. g4 g6 18. Bf2 Bb7 19. Ne3 Ra8 20. Ne2 Ne7 21. d4 Bg7 22. e5 Bxg2 23. Kxg2 f6 24. exd6 Qxd6 25. Bg3 f5 26. g5 Nb6 27. Rad1 Rfd8 28. Qc1 Qc6+ 29. Kh2 cxd4 30. Nxd4 Bxd4 31. Rxd4 Rxd4 32. cxd4 Qxc1 33. Rxc1 Ra2 34. Rc2 Ned5 35. b3 Rxc2+ 36. Nxc2 Nc3 37. Kg2 Nbd5 38. Kf3 Kf7 39. Be1 Ne4 40. Na3 Nd6 41. Nc2 Ke8 42. Bb4 Ne4 43. Be1 Kd7 44. Na3 Kc6 45. Nc2 Nd6 46. Bb4 Ne8 47. Bf8 Nec7 48. Bb4 Na6 49. Bd2 b4 50. h4 Kb5 51. Ke2 Nb8 52. Kd3 Nc6 53. Ne1 Na5 54. Kc2 Nc6 55. Kd3 Nb6 56. Nf3 Nc8 57. Ne1 Nd6 58. Nf3 Ne4 59. Bc1 Kb6 60. Be3 Kc7 61. Kc4 Nd6+ 62. Kc5 Ne4+ 63. Kb5 Nc3+ 64. Kc5 Nd5 65. Bd2 Na5 1/2-1/2

[Event "WSTCC-50 2024"]
[Site "Krakow"]
[Date "2024.07.06"]
[Round "5.8"]
[White "Davies, Nigel R"]
[Black "Novikov, Igor"]
[Result "1/2-1/2"]
[ECO "A46"]
[WhiteElo "2325"]
[BlackElo "2509"]
[Annotator "TA"]
[PlyCount "52"]
[EventDate "2024.07.01"]
[EventType "team-tourn"]
[EventCountry "POL"]
[SourceTitle "playchess.com"]
[Source "ChessBase"]
[SourceQuality "1"]
[TimeControl "40/5400+30:1800+30"]

1. d4 Nf6 2. Nf3 d5 3. c4 e6 4. cxd5 exd5 5. Nc3 c6 6. Bf4 Bf5 7. e3 Nbd7 8. Bd3 Bxd3 9. Qxd3 Be7 10. h3 O-O 11. O-O Re8 12. Rab1 a5 13. Qc2 {[%emt 0:04:18] The position is equal.} Nb6 14. Ne5 Bd6 15. b3 Qe7 16. Rfe1 Nfd7 17. Nxd7 Nxd7 18. Bxd6 Qxd6 19. Qb2 Nf6 20. b4 axb4 21. Qxb4 Qxb4 22. Rxb4 Ra3 23. Rc1 Re7 24. Ra4 Rxa4 25. Nxa4 Ne4 26. Nc5 Nxc5 {[%emt 0:01:39] An uneventful encounter.   Weighted Error Value: White=0.03 (flawless) /Black=0.03 (flawless) .  OK:         	White=6     	Black=7} 1/2-1/2

[Event "WSTCC-50 2024"]
[Site "Krakow"]
[Date "2024.07.06"]
[Round "5.8"]
[White "Noyce, Robert C"]
[Black "Scheckenbach, Franz"]
[Result "0-1"]
[ECO "A16"]
[WhiteElo "2088"]
[BlackElo "2072"]
[Annotator "NA RC"]
[PlyCount "92"]
[EventDate "2024.07.01"]
[EventType "team-tourn"]
[EventCountry "POL"]
[SourceTitle "playchess.com"]
[Source "ChessBase"]
[SourceQuality "1"]
[TimeControl "40/5400+30:1800+30"]

1. c4 Nf6 2. Nc3 g6 3. g3 Bg7 4. Bg2 O-O 5. e4 d6 6. Nge2 c5 7. O-O Nc6 8. h3 Ne8 9. f4 Nd4 10. d3 Nc7 11. Nxd4 cxd4 12. Ne2 Rb8 13. b3 b5 14. Bb2 e5 15. f5 bxc4 16. dxc4 gxf5 17. exf5 d5 18. Qd2 dxc4 19. bxc4 Ba6 20. Rfc1 Qf6 21. g4 Bh6 22. Qc2 d3 23. Qxd3 Rxb2 24. Rd1 Qb6+ 25. Kh1 Bb7 26. g5 Bxg2+ 27. Kxg2 Bxg5 28. Qg3 Qc6+ 29. Kf2 Qb6+ 30. Kf1 Qh6 31. Rd3 Re8 32. Rd7 Na8 33. Rad1 Qh4 34. Rd8 Rb8 35. Rxb8 Rxb8 36. Qxe5 Qxh3+ 37. Kf2 Bh4+ 38. Kg1 Rf8 39. Rd4 Bg5 40. Re4 Rd8 41. Nd4 h6 42. Kf2 Bh4+ 43. Ke2 Qg2+ 44. Kd3 Bg5 45. Re2 Qf3+ 46. Kc2 Rxd4 0-1

[Event "WSTCC-50 2024"]
[Site "Krakow"]
[Date "2024.07.06"]
[Round "5.8"]
[White "Serafim Junior, Arnor"]
[Black "O`Dwyer, Fergal"]
[Result "1/2-1/2"]
[ECO "D75"]
[WhiteElo "1770"]
[BlackElo "1935"]
[Annotator "NA RC"]
[PlyCount "40"]
[EventDate "2024.07.01"]
[EventType "team-tourn"]
[EventCountry "POL"]
[SourceTitle "playchess.com"]
[Source "ChessBase"]
[SourceQuality "1"]
[TimeControl "40/5400+30:1800+30"]

1. c4 Nf6 2. Nf3 g6 3. Nc3 Bg7 4. g3 O-O 5. Bg2 d5 6. cxd5 Nxd5 7. d4 c5 8. O-O Nxc3 9. bxc3 Nc6 10. e3 Qa5 11. Qb3 Rb8 12. Qa3 Re8 13. Nd2 Bd7 14. Nb3 Qxa3 15. Bxa3 cxd4 16. cxd4 b6 17. Rac1 Rbc8 18. Rc2 Bf8 19. Rfc1 Nb8 20. Kf1 e6 1/2-1/2

[Event "WSTCC-50 2024"]
[Site "Krakow"]
[Date "2024.07.06"]
[Round "5.9"]
[White "Buckley, Graeme N"]
[Black "Sokolin, Leonid"]
[Result "1/2-1/2"]
[ECO "B31"]
[WhiteElo "2334"]
[BlackElo "2454"]
[Annotator "RC"]
[PlyCount "179"]
[EventDate "2024.07.01"]
[EventType "team-tourn"]
[EventCountry "POL"]
[SourceTitle "playchess.com"]
[Source "ChessBase"]
[SourceQuality "1"]
[TimeControl "40/5400+30:1800+30"]

1. e4 c5 2. Nf3 Nc6 3. Bb5 g6 4. O-O Bg7 5. Re1 e5 6. Bxc6 dxc6 7. d3 Nh6 8. Nbd2 f6 9. a4 b6 10. a5 Be6 11. axb6 axb6 12. Rxa8 Qxa8 13. Nc4 b5 14. Ne3 O-O 15. Qd2 Rd8 16. Qc3 Bf8 17. b3 Qa2 18. h3 Ra8 19. Qd2 Nf7 20. Qe2 Be7 21. h4 h5 22. Nh2 Kg7 23. g3 c4 24. dxc4 Nd6 25. cxb5 Nxb5 26. Nf3 Rd8 27. Nc4 Bg4 28. Bb2 Nd4 29. Bxd4 Rxd4 30. Kg2 Rd7 31. Rd1 Rxd1 32. Qxd1 Qa7 33. Qd2 Qb7 34. Qe3 Qd7 35. Ncd2 Bh3+ 36. Kh2 Be6 37. c3 Qb7 38. b4 Qa6 39. Kg2 Qa3 40. Ne1 c5 41. bxc5 Bxc5 42. Qd3 Qa7 43. Qe2 Qa2 44. Nd3 Bb6 45. Qd1 Ba5 46. Qc1 Bf7 47. Nb4 Qa4 48. Qb2 Qb5 49. Nf3 Qc4 50. Qa3 Bb6 51. Qa6 Qc5 52. Nd3 Qc7 53. Nb2 Ba7 54. Qa3 Bc5 55. Qa1 Be7 56. Qe1 Qb7 57. Nd3 Bc4 58. Qe3 Qa6 59. Nfe1 Qa3 60. Qd2 Qa8 61. f3 Qd8 62. Qc2 Qc7 63. Nb2 Be6 64. Ned3 f5 65. c4 fxe4 66. fxe4 Bd6 67. c5 Qc6 68. Kf3 Kf6 69. Qc1 Bg4+ 70. Ke3 Bf8 71. Qc3 Bd6 72. Kd2 Bc7 73. Ke3 Bd6 74. Qb4 Bc7 75. Nc4 Qe6 76. Qc3 g5 77. hxg5+ Kxg5 78. Qc1 Kg6 79. Qc3 Kf6 80. Nf4 Qc6 81. Nd5+ Ke6 82. Nxc7+ Qxc7 83. Nd6 Qh7 84. Qb3+ Kf6 85. Qd5 Qh6+ 86. Kd3 Be6 87. Ne8+ Ke7 88. Qxe5 Kxe8 89. c6 Kf7 90. Qc7+ 1/2-1/2

[Event "WSTCC-50 2024"]
[Site "Krakow"]
[Date "2024.07.06"]
[Round "5.9"]
[White "Rogowski, Jaroslaw"]
[Black "Jhunjhnuwala, Krishan"]
[Result "0-1"]
[ECO "A48"]
[WhiteElo "2149"]
[BlackElo "2227"]
[Annotator "RC"]
[PlyCount "142"]
[EventDate "2024.07.01"]
[EventType "team-tourn"]
[EventCountry "POL"]
[SourceTitle "playchess.com"]
[Source "ChessBase"]
[SourceQuality "1"]
[TimeControl "40/5400+30:1800+30"]

1. d4 Nf6 2. Nf3 g6 3. c4 c5 4. Nc3 cxd4 5. Nxd4 Bg7 6. e4 d6 7. Be2 Nc6 8. Be3 O-O 9. h3 Bd7 10. Nf3 Qa5 11. O-O Rfc8 12. Rc1 Qd8 13. Qd2 Be8 14. Rfd1 Nd7 15. Nh2 a5 16. f4 a4 17. Nb5 Qa5 18. Qxa5 Rxa5 19. Rb1 Raa8 20. Nf1 Nb4 21. a3 Na6 22. Nd2 Nac5 23. Bd4 Bxd4+ 24. Nxd4 Nb8 25. g3 Nc6 26. Nb5 Na5 27. Nc3 e6 28. Kf2 Kf8 29. Ke3 Ra6 30. h4 Rb6 31. e5 dxe5 32. fxe5 Ncb3 33. Nxb3 axb3 34. Rd4 Rbc6 35. Rf1 Rc5 36. Kf4 f6 37. Ne4 Rxe5 38. Nxf6 Rxe2 39. Kg5 Nc6 40. Rdf4 Re5+ 41. Kh6 Rf5 42. g4 Rxf4 43. Rxf4 Bf7 44. Nxh7+ Ke7 45. Ng5 Be8 46. Re4 Nd8 47. Kg7 Rc5 48. Rd4 Nc6 49. Rd3 Na5 50. Re3 e5 51. Nf3 Kd6 52. Kf6 Nxc4 53. Rxb3 b5 54. Ng5 Rc8 55. Ne4+ Kd5 56. Nc3+ Kd4 57. Nxb5+ Bxb5 58. Rxb5 Rc6+ 59. Kg5 e4 60. b3 Ne5 61. Rb4+ Ke3 62. h5 Nf3+ 63. Kh6 gxh5+ 64. Kxh5 Rc5+ 65. Kh6 Kd3 66. Rb8 e3 67. Rd8+ Kc3 68. b4 Re5 69. Rf8 Nh2 70. Rc8+ Kb2 71. b5 e2 0-1

[Event "WSTCC-50 2024"]
[Site "Krakow"]
[Date "2024.07.06"]
[Round "5.9"]
[White "Zeidler, Sven P."]
[Black "Krause, Ullrich"]
[Result "1/2-1/2"]
[ECO "C01"]
[WhiteElo "2116"]
[BlackElo "2171"]
[Annotator "RC"]
[PlyCount "83"]
[EventDate "2024.07.01"]
[EventType "team-tourn"]
[EventCountry "POL"]
[SourceTitle "playchess.com"]
[Source "ChessBase"]
[SourceQuality "1"]
[TimeControl "40/5400+30:1800+30"]

1. e4 e6 2. d4 d5 3. exd5 exd5 4. Nf3 Nf6 5. Bg5 Be7 6. Bd3 h6 7. Bf4 O-O 8. O-O c5 9. dxc5 Bxc5 10. Nc3 Nc6 11. a3 a6 12. h3 Be6 13. Qd2 Re8 14. Rfe1 d4 15. Ne4 Nxe4 16. Rxe4 Qd7 17. Rae1 Bd5 18. Rxe8+ Rxe8 19. Rxe8+ Qxe8 20. Qe2 Qxe2 21. Bxe2 f6 22. Nd2 Kf7 23. Bf3 Ke6 24. Kf1 g5 25. Bc7 Bxf3 26. Nxf3 Kd7 27. Bg3 Bd6 28. Bxd6 Kxd6 29. Ke2 Kd5 30. Kd3 b5 31. b4 h5 32. c3 Ne5+ 33. Nxe5 fxe5 34. cxd4 exd4 35. Kd2 h4 36. Kd3 Ke5 37. Ke2 Ke4 38. Kd2 Ke5 39. Ke2 Ke4 40. Kd2 Kf4 41. Kd3 Ke5 42. Ke2 1/2-1/2

[Event "WSTCC-50 2024"]
[Site "Krakow"]
[Date "2024.07.06"]
[Round "5.10"]
[White "Paschall, William"]
[Black "Dishman, Stephen"]
[Result "1/2-1/2"]
[ECO "A06"]
[WhiteElo "2312"]
[BlackElo "2308"]
[Annotator "RC"]
[PlyCount "132"]
[EventDate "2024.07.01"]
[EventType "team-tourn"]
[EventCountry "POL"]
[SourceTitle "playchess.com"]
[Source "ChessBase"]
[SourceQuality "1"]
[TimeControl "40/5400+30:1800+30"]

1. Nf3 d5 2. g3 g6 3. d4 c6 4. Bg2 Bg7 5. O-O Nf6 6. b3 O-O 7. Bb2 a5 8. a4 Bf5 9. Nbd2 Na6 10. Nh4 Be6 11. Nhf3 Bf5 12. Nh4 Be6 13. Re1 Re8 14. Nhf3 Bf5 15. Nh4 Be6 16. Rc1 h6 17. Nhf3 Bf5 18. Nh4 Be6 19. Nhf3 Bf5 20. Ne5 Nd7 21. e4 dxe4 22. Nxe4 Nxe5 23. dxe5 Qc7 24. f4 Red8 25. Qe2 Qb6+ 26. Qf2 Qxf2+ 27. Kxf2 Bf8 28. Ba3 Nb4 29. Bxb4 axb4 30. Red1 Bxe4 31. Bxe4 e6 32. Ke2 Bc5 33. Rd3 Kf8 34. Kf3 h5 35. Rcd1 Ke7 36. h3 Rxd3+ 37. Bxd3 Rd8 38. Re1 Bd4 39. Rh1 Rh8 40. Ke4 Bf2 41. Kf3 Bd4 42. Be4 Bb6 43. Bd3 Bc5 44. Re1 Rd8 45. g4 hxg4+ 46. hxg4 Rh8 47. Kg3 Bd4 48. Re4 c5 49. Kg2 b6 50. Re1 Rh4 51. Kg3 Rh8 52. Kg2 Rh4 53. Kg3 Rh8 54. Bc4 Bc3 55. Rd1 Bd4 56. Re1 Bc3 57. Rd1 Bd4 58. Kg2 g5 59. fxg5 Rg8 60. Kf3 Rxg5 61. Kf4 Rg8 62. Rh1 Bc3 63. Rh7 Bd2+ 64. Kf3 Bc3 65. Kf4 Bd2+ 66. Kf3 Bc3 1/2-1/2

[Event "WSTCC-50 2024"]
[Site "Krakow"]
[Date "2024.07.06"]
[Round "5.10"]
[White "Lampe, Dirk"]
[Black "Davis, Lee"]
[Result "1-0"]
[ECO "B12"]
[WhiteElo "2158"]
[BlackElo "1932"]
[Annotator "RC"]
[PlyCount "89"]
[EventDate "2024.07.01"]
[EventType "team-tourn"]
[EventCountry "POL"]
[SourceTitle "playchess.com"]
[Source "ChessBase"]
[SourceQuality "1"]
[TimeControl "40/5400+30:1800+30"]

1. e4 c6 2. d4 d5 3. e5 Bf5 4. Nf3 e6 5. Be2 c5 6. c3 Nc6 7. O-O Bxb1 8. Rxb1 Nge7 9. dxc5 Ng6 10. b4 Ngxe5 11. Nxe5 Nxe5 12. Qa4+ Nc6 13. c4 Be7 14. cxd5 exd5 15. Bb2 Bf6 16. Bb5 O-O 17. Bxc6 bxc6 18. Qxc6 Bxb2 19. Rxb2 Re8 20. Rd2 Qh4 21. a3 d4 22. g3 Qg4 23. Rfd1 Rac8 24. Qd6 Qf3 25. Qa6 Rcd8 26. Qd3 Qc6 27. Qc4 Qf3 28. Rd3 Qe2 29. Qc1 Qg4 30. R1d2 Re2 31. Rxe2 Qxe2 32. Qd1 Qe4 33. h4 h5 34. Qd2 g6 35. a4 Qd5 36. Qg5 Qa8 37. c6 Re8 38. b5 a6 39. Rxd4 axb5 40. Qxb5 Re6 41. Qb7 Qe8 42. c7 Re1+ 43. Kg2 Qe2 44. c8=Q+ Kg7 45. Qc4 1-0

[Event "WSTCC-50 2024"]
[Site "Krakow"]
[Date "2024.07.06"]
[Round "5.10"]
[White "Jhunjhnuwala, Naresh"]
[Black "Ograbek, Grzegorz"]
[Result "0-1"]
[ECO "B07"]
[WhiteElo "2009"]
[BlackElo "2063"]
[Annotator "RC"]
[PlyCount "102"]
[EventDate "2024.07.01"]
[EventType "team-tourn"]
[EventCountry "POL"]
[SourceTitle "playchess.com"]
[Source "ChessBase"]
[SourceQuality "1"]
[TimeControl "40/5400+30:1800+30"]

1. e4 d6 2. d4 Nf6 3. Nc3 c6 4. f4 g6 5. Nf3 Bg7 6. Be2 b5 7. a3 a6 8. O-O O-O 9. e5 Nd5 10. Nxd5 cxd5 11. Bd3 Nc6 12. c3 dxe5 13. fxe5 f6 14. exf6 exf6 15. Bf4 Be6 16. Qe1 Qd7 17. Qh4 Ne7 18. Rae1 Nf5 19. Qf2 Nd6 20. Nd2 Nc4 21. Nxc4 bxc4 22. Bb1 Rfe8 23. Bc1 Bf7 24. Rxe8+ Rxe8 25. Re1 Rxe1+ 26. Qxe1 Bf8 27. Qe2 Bd6 28. Bc2 Qe6 29. Qxe6 Bxe6 30. g3 Kf7 31. Kf2 h5 32. Bf4 Bxf4 33. gxf4 a5 34. Kg3 g5 35. fxg5 fxg5 36. h4 Kf6 37. hxg5+ Kxg5 38. b3 cxb3 39. Bxb3 h4+ 40. Kf3 Bg4+ 41. Kf2 Be6 42. Kf3 Bf7 43. Ba4 Bg6 44. Bc6 Be4+ 45. Kf2 Kf4 46. Bd7 Bf5 47. Bc6 Be6 48. Bb5 Ke4 49. Be2 h3 50. Bf1 h2 51. Kg2 Bh3+ 0-1

[Event "WSTCC-50 2024"]
[Site "Krakow"]
[Date "2024.07.06"]
[Round "5.11"]
[White "Clark, Gary M"]
[Black "Ginsburg, Mark"]
[Result "1/2-1/2"]
[ECO "A61"]
[WhiteElo "2299"]
[BlackElo "2272"]
[Annotator "RC"]
[PlyCount "32"]
[EventDate "2024.07.01"]
[EventType "team-tourn"]
[EventCountry "POL"]
[SourceTitle "playchess.com"]
[Source "ChessBase"]
[SourceQuality "1"]
[TimeControl "40/5400+30:1800+30"]

1. d4 Nf6 2. c4 e6 3. Nf3 c5 4. d5 exd5 5. cxd5 d6 6. Nc3 g6 7. Nd2 Bg7 8. Nc4 O-O 9. Bf4 b6 10. e3 Ba6 11. a4 Bxc4 12. Bxc4 Nh5 13. O-O Nxf4 14. exf4 Nd7 15. Qd3 Qf6 16. g3 Qd4 1/2-1/2

[Event "WSTCC-50 2024"]
[Site "Krakow"]
[Date "2024.07.06"]
[Round "5.11"]
[White "Adams, Mark"]
[Black "Staeblein, Christoph"]
[Result "0-1"]
[ECO "C16"]
[WhiteElo "1951"]
[BlackElo "1991"]
[Annotator "NA RC"]
[PlyCount "65"]
[EventDate "2024.07.01"]
[EventType "team-tourn"]
[EventCountry "POL"]
[SourceTitle "playchess.com"]
[Source "ChessBase"]
[SourceQuality "1"]
[TimeControl "40/5400+30:1800+30"]

1. e4 e6 2. d4 d5 3. Nc3 Bb4 4. e5 Ne7 5. Bd2 Bxc3 6. Bxc3 b6 7. Nf3 Ba6 8. Bxa6 Nxa6 9. h4 Qd7 10. Qd3 Nb8 11. h5 h6 12. Bd2 c5 13. c3 Qa4 14. g4 Nbc6 15. O-O Rc8 16. b3 Qa3 17. Qb5 O-O 18. g5 hxg5 19. Bc1 Qa5 20. Qxa5 Nxa5 21. Bxg5 Nf5 22. Be3 f6 23. Kg2 cxd4 24. cxd4 Rc2 25. Kh3 Kf7 26. Kg4 Rfc8 27. Nh4 Nxh4 28. Kxh4 Nc6 29. Rfc1 Nxd4 30. Rxc2 Nf5+ 31. Kh3 Rxc2 32. h6 gxh6 33. Bf4 0-1

[Event "WSTCC-50 2024"]
[Site "Krakow"]
[Date "2024.07.06"]
[Round "5.11"]
[White "Czyz, Andrzej"]
[Black "Jhunjhnuwala, Ramesh"]
[Result "1/2-1/2"]
[ECO "E10"]
[WhiteElo "1921"]
[BlackElo "2050"]
[Annotator "NA RC"]
[PlyCount "96"]
[EventDate "2024.07.01"]
[EventType "team-tourn"]
[EventCountry "POL"]
[SourceTitle "playchess.com"]
[Source "ChessBase"]
[SourceQuality "1"]
[TimeControl "40/5400+30:1800+30"]

1. d4 Nf6 2. c4 e6 3. Nf3 d5 4. e3 Be7 5. Nc3 O-O 6. Bd3 dxc4 7. Bxc4 c5 8. O-O Nc6 9. a3 a6 10. dxc5 Bxc5 11. b4 Qxd1 12. Rxd1 Be7 13. Bb2 b5 14. Bd3 Bb7 15. Ne4 Nxe4 16. Bxe4 f5 17. Bc2 Rad8 18. Bb3 Kf7 19. Rac1 Rxd1+ 20. Rxd1 Rd8 21. Kf1 Rxd1+ 22. Bxd1 Bf6 23. Bxf6 Kxf6 24. Ke2 g5 25. g3 e5 26. h4 h6 27. hxg5+ hxg5 28. Bb3 a5 29. Bd5 axb4 30. axb4 Nd8 31. Bxb7 Nxb7 32. Ne1 Ke6 33. f3 Kd5 34. Kd3 Nd6 35. f4 Ne4 36. fxe5 Nxg3 37. e6 Kxe6 38. Nf3 Ne4 39. Nd4+ Ke5 40. Nxb5 f4 41. exf4+ gxf4 42. Ke2 Kd5 43. Na3 Nc3+ 44. Kf3 Na2 45. b5 Kc5 46. Kxf4 Nc3 47. Ke3 Nxb5 48. Nxb5 Kxb5 1/2-1/2

[Event "WSTCC-50 2024"]
[Site "Krakow"]
[Date "2024.07.06"]
[Round "5.12"]
[White "Koganov, Mikhail"]
[Black "Townsend, M Paul"]
[Result "0-1"]
[ECO "A05"]
[WhiteElo "2177"]
[BlackElo "2147"]
[Annotator "RC"]
[PlyCount "110"]
[EventDate "2024.07.01"]
[EventType "team-tourn"]
[EventCountry "POL"]
[SourceTitle "playchess.com"]
[Source "ChessBase"]
[SourceQuality "1"]
[TimeControl "40/5400+30:1800+30"]

1. Nf3 Nf6 2. g3 d5 3. Bg2 e6 4. O-O Be7 5. c4 O-O 6. b3 c5 7. e3 Nc6 8. Bb2 d4 9. exd4 cxd4 10. Re1 Re8 11. d3 Qb6 12. Na3 Bb4 13. Re2 e5 14. Nc2 Bd6 15. h3 h6 16. Ba3 Bxa3 17. Nxa3 Bf5 18. Qd2 Re7 19. Rae1 Rae8 20. Nh2 Nb4 21. Be4 Bxh3 22. Nb5 Na6 23. b4 Nxe4 24. Rxe4 Bf5 25. R4e2 Nc7 26. Nxc7 Qxc7 27. f3 Qd6 28. Kf2 Qg6 29. Rd1 Qh5 30. Kg1 Bc8 31. Qe1 b6 32. Qf2 Bb7 33. a4 Qf5 34. Ra2 h5 35. a5 Re6 36. axb6 axb6 37. Ra7 R8e7 38. c5 bxc5 39. bxc5 Rg6 40. Rb1 Qc8 41. Rb6 Rxb6 42. cxb6 Re6 43. Qb2 Rc6 44. Ra2 Rc1+ 45. Kg2 Bd5 46. b7 Bxb7 47. Qd2 Qc3 48. Rb2 Qxd2+ 49. Rxd2 g5 50. Kf2 Kg7 51. Rb2 Bc6 52. f4 exf4 53. gxf4 g4 54. Ra2 Rh1 55. Nf1 g3+ 0-1

[Event "WSTCC-50 2024"]
[Site "Krakow"]
[Date "2024.07.06"]
[Round "5.12"]
[White "Koop, Thilo"]
[Black "Thomas, Gary"]
[Result "1-0"]
[ECO "B00"]
[WhiteElo "2088"]
[BlackElo "1865"]
[Annotator "NA RC"]
[PlyCount "67"]
[EventDate "2024.07.01"]
[EventType "team-tourn"]
[EventCountry "POL"]
[SourceTitle "playchess.com"]
[Source "ChessBase"]
[SourceQuality "1"]
[TimeControl "40/5400+30:1800+30"]

1. e4 Nc6 2. Nf3 f5 3. exf5 d5 4. d4 Bxf5 5. Bb5 Qd6 6. Ne5 a6 7. Bxc6+ bxc6 8. b3 g6 9. O-O Nh6 10. Re1 Nf7 11. Bf4 Bg7 12. Nxf7 Qxf4 13. Nxh8 Bxh8 14. Qe2 O-O-O 15. c3 Re8 16. Nd2 Bg4 17. Qe3 g5 18. h3 Bh5 19. Nf3 Bxf3 20. Qxf3 Qd6 21. Qg4+ e6 22. Qxg5 c5 23. Qg4 cxd4 24. cxd4 Kb7 25. Rad1 Ka7 26. Re3 e5 27. Qh5 Re6 28. dxe5 Bxe5 29. Qxh7 Rh6 30. Qf7 d4 31. Red3 Rf6 32. Qc4 c5 33. b4 Bh2+ 34. Kf1 1-0